 Dungeon Crawl Stone Soup version 0.23.2-1-ga50397a6bc (webtiles) character file.

Game seed: 9342288656486121207

945 MachJacob the Cudgeler (level 8, -4/50 HPs)
             Began as a Gargoyle Fighter on Apr 20, 2019.
             Was a Follower of Trog.
             Slain by an orc warrior
             ... wielding a +0 glaive
              (15 damage)
             ... on level 6 of the Dungeon.
             The game lasted 00:23:43 (5480 turns).

MachJacob the Cudgeler (Gargoyle Fighter)           Turns: 5480, Time: 00:23:43

Health: -4/50      AC: 15    Str: 20    XL:     8   Next: 13%
Magic:  8/8        EV:  5    Int: 10    God:    Trog [*.....]
Gold:   300        SH: 10    Dex: 10    Spells: 7/7 levels left

rFire    + . .     SeeInvis .   B - +0 whip (holy)
rCold    + . .     Gourm    .   c - +0 shield
rNeg     + . .     Faith    .   i - +0 chain mail
rPois    ∞         Spirit   .   (no helmet)
rElec    +         Reflect  .   (no cloak)
rCorr    +         Harm     .   (no gloves)
MR       .....                  (no boots)
Stlth    ..........             (no amulet)
HPRegen  0.16/turn              (no ring)
MPRegen  0.11/turn              (no ring)

@: resistant
A: negative energy resistance 1, electricity resistance, unbreathing,
petrification resistance, rot immunity, AC +5
a: Berserk, Renounce Religion


You were on level 6 of the Dungeon.
You worshipped Trog.
Trog was aware of your devotion.
You were not hungry.

You visited 1 branch of the dungeon, and saw 6 of its levels.

You collected 300 gold pieces.

Inventory:

Hand Weapons
 a - a +0 flail
 j - a +0 club
 B - a +0 whip of holy wrath (weapon)
Armour
 b - a +0 scale mail
 c - a +0 shield (worn)
 i - a +0 chain mail (worn)
Jewellery
 y - a +3 ring of intelligence
Wands
 v - a wand of random effects (20)
Scrolls
 e - 3 scrolls of fear {unknown}
 g - a scroll of magic mapping {unknown}
 l - 2 scrolls of fog
 m - 5 scrolls of remove curse {unknown}
 n - a scroll of blinking {unknown}
 o - a scroll of enchant armour {unknown}
 q - 3 scrolls of identify
 s - 3 scrolls of amnesia {unknown}
 t - 3 scrolls of teleportation {unknown}
 u - 2 scrolls of noise {unknown}
 A - a scroll of enchant weapon {unknown}
 C - a scroll of immolation {unknown}
 E - a scroll of random uselessness {unknown}
Potions
 d - a potion of mutation
 h - 5 potions of curing
 k - a potion of cancellation {unknown}
 p - 2 potions of resistance
 r - 2 potions of brilliance
 w - a potion of agility {unknown}
 x - a potion of magic {unknown}
 z - a potion of degeneration {unknown}
 D - a potion of heal wounds {unknown}
Comestibles
 f - 8 rations


   Skills:
 + Level 5.5 Fighting
 * Level 5.9 Maces & Flails
 + Level 5.5 Armour
 + Level 5.5 Shields


You had 7 spell levels left.
You didn't know any spells.
Your spell library was empty.

Dungeon Overview and Level Annotations

Branches:
Dungeon (6/15)
 Temple: D:4-7

Altars:
Kikubaaqudgha
Makhleb
Trog
Wu Jian
Xom
The Shining One

Shops:
D:5 (


Innate Abilities, Weirdness & Mutations

You are resistant to torment.
Your stone body is resilient. (AC +5)
You are immune to poison.
You resist negative energy. (rN+)
You are resistant to electric shocks. (rElec)
You can survive without breathing.
You are immune to petrification.
You are immune to rotting.


Message History

You closely miss the quasit.
The quasit is lightly wounded.
You block the quasit's attack. x2
The quasit claws you but does no damage.
The orc warrior hits you with a +0 glaive.
* * * LOW HITPOINT WARNING * * *
You miss the quasit.
The quasit is lightly wounded.
The quasit bites you but does no damage.
The quasit claws you but does no damage. x2
You block the orc warrior's attack. The quasit closely misses you.
You block the quasit's attack.
The quasit claws you but does no damage.
You miss the quasit.
The quasit is lightly wounded.
The quasit bites you but does no damage.
The quasit claws you but does no damage. x2
You feel better.
The orc warrior hits you with a +0 glaive!
You die...

.#. #%. #..
..# ###.. #
?.. .. #.#
..####5#
...#@#
#.#o#####..
##.o{......#
#.......####
#..##..#.....
#.# ##+#####.
... .## #


You could see an orc warrior, a quasit and an orc.

Vanquished Creatures
  2 ice beasts
  An ogre (D:4)
  A centaur (D:5)
  2 scorpions (D:5)
  A crimson imp (D:4)
  4 hounds
  An orc priest (D:5)
  A bullfrog skeleton (D:4)
  2 orc wizards
  2 worker ants
  A howler monkey skeleton (D:4)
  4 adders (D:2)
  An ooze (D:5)
  3 worms (D:2)
  5 dart slugs
  3 leopard geckos
  16 orcs
  2 ball pythons
  7 bats
  7 giant cockroaches
  13 goblins
  14 hobgoblins
  4 jackals (D:1)
  5 kobolds
  A quokka (D:5)
  5 frilled lizards
  6 rats
114 creatures vanquished.

Notes
Turn   | Place    | Note
-------+----------+-------------------------------------------
     0 | D:1      | MachJacob the Gargoyle Fighter began the quest for the Orb.
     0 | D:1      | Reached XP level 1. HP: 14/14 MP: 1/1
    72 | D:1      | Reached XP level 2. HP: 19/19 MP: 2/2
   422 | D:1      | Reached XP level 3. HP: 22/23 MP: 3/3
   988 | D:2      | Reached XP level 4. HP: 17/29 MP: 4/4
  1386 | D:2      | Found a shimmering altar of Xom.
  1411 | D:2      | Found an ornate altar of the Wu Jian Council.
  1549 | D:2      | Found a bloodstained altar of Trog.
  1577 | D:2      | Became a worshipper of Trog the Wrathful
  1829 | D:2      | Found an ancient bone altar of Kikubaaqudgha.
  2081 | D:3      | Reached XP level 5. HP: 30/33 MP: 5/5
  2140 | D:3      | Noticed an ice beast
  2159 | D:3      | Killed an ice beast
  2559 | D:3      | Reached XP level 6. HP: 38/39 MP: 6/6
  2564 | D:3      | Reached * piety under Trog
  3121 | D:4      | Found a burning altar of Makhleb.
  3782 | D:4      | Reached XP level 7. HP: 37/44 MP: 7/7
  4252 | D:5      | Entered Level 5 of the Dungeon
  4340 | D:5      | Found Roleruciha's Antique Weapon Emporium.
  4384 | D:5      | Reached skill level 5 in Maces & Flails
  4384 | D:5      | Reached skill level 5 in Shields
  4418 | D:5      | Reached skill level 5 in Fighting
  4418 | D:5      | Reached skill level 5 in Armour
  5154 | D:5      | Found a glowing golden altar of the Shining One.
  5182 | D:5      | Reached XP level 8. HP: 39/50 MP: 8/8
  5480 | D:6      | Slain by an orc warrior

Skill      XL: |  1  2  3  4  5  6  7 |
---------------+----------------------+-----
Maces & Flails | 3 4 5 |  5.9
Shields        | 4 5 |  5.5
Fighting       | 4 5 |  5.5
Armour         | 4 5 |  5.5

Action                   |  1- 3 |  4- 6 |  7- 9 || total
-------------------------+-------+-------+-------++-------
Melee: Flail             |    27 |       |    14 ||    41
       Club              |   128 |   543 |    73 ||   744
       Whip              |       |       |   199 ||   199
Invok: Berserk           |       |       |     1 ||     1
  Use: Scroll            |     2 |     4 |     1 ||     7
       Potion            |       |     1 |     2 ||     3
  Eat: Chunk             |       |     9 |     7 ||    16
       Ration            |       |       |     1 ||     1
Armor: Scale mail        |    12 |       |       ||    12
       Chain mail        |    65 |   210 |   152 ||   427
Dodge: Dodged            |    30 |    62 |    36 ||   128
Block: Shield            |    72 |   203 |   107 ||   382
